 Dungeon Crawl Stone Soup version 0.31-a0-692-gf03d1854d5 (webtiles) character file.

Game seed: 6934375354021951205

12161 qw the Skirmisher (level 11, 1/1 HPs)
             Began as a Gargoyle Hunter on Sept 6, 2023.
             Was an Initiate of Okawaru.
             Quit the game on level 10 of the Dungeon.
             The game lasted 02:22:15 (38360 turns).

qw the Skirmisher (Gargoyle Hunter)                Turns: 38360, Time: 02:22:15

Health: 1/1        AC: 27    Str: 15    XL:     11   Next: 89%
Magic:  16/16      EV: 17    Int: 10    God:    Okawaru [......]
Gold:   204        SH:  0    Dex: 16    Spells: 10/10 levels left

rFire   . . .        Y - +0 arbalest
rCold   + + .        (shield currently unavailable)
rNeg    + . .        c - +7 ring mail of Gravity {rC++ Will+ rCorr Dex-3}
rPois   inf          (helmet restricted)
rElec   +            a - +0 cloak
rCorr   +            (no gloves)
SInv    .            j - +0 pair of boots
Will    +....        b - amulet of regeneration
Stlth   ++           s - +5 ring of evasion
HPRegen 1.00/turn    o - +4 ring of protection
MPRegen 0.15/turn

%: clarity
@: no status effects
A: sickness immunity, AC +8, negative energy resistance 1, electricity
resistance, torment resistance 1, petrification resistance, beak, thin skeletal
structure 1, clarity
a: Renounce Religion


You were on level 10 of the Dungeon.
You worshipped Okawaru.
Okawaru was noncommittal.
You visited 2 branches of the dungeon, and saw 12 of its levels.

You collected 650 gold pieces.
You spent 446 gold pieces at shops.


Innate Abilities, Weirdness & Mutations

You are immune to sickness and miasma.
Your stone body is resilient. (AC +8)
You are immune to poison.
You resist negative energy. (rN+)
You are resistant to electric shocks. (rElec)
You are resistant to unholy torment.
You are immune to petrification.
You have a beak for a mouth.
You have a somewhat thin skeletal structure. (Dex +2, Stealth+)
You possess an exceptional clarity of mind.


   Skills:
 + Level 9.4 Fighting
 - Level 14.0 Ranged Weapons
 - Level 5.1 Armour
 - Level 4.0 Dodging
 - Level 1.1 Stealth
 - Level 7.9 Invocations


You had 10 spell levels left.
You didn't know any spells.
Your spell library was empty.

Inventory:

Hand Weapons
 Y - a +0 arbalest (weapon)
Armour
 a - a +0 cloak (worn)
 c - the +7 ring mail of Gravity (worn) {rC++ Will+ rCorr Dex-3}
   (You found it on level 3 of the Dungeon)

   Dex-3:     It affects your dexterity (-3).
   rC++:      It greatly protects you from cold.
   Will+:     It increases your willpower.
   rCorr:     It protects you from acid and corrosion.
 j - a +0 pair of boots (worn)
Jewellery
 b - an amulet of regeneration (around neck)
 o - a +4 ring of protection (right hand)
 s - a +5 ring of evasion (left hand)
Scrolls
 q - a scroll of identify
 t - 3 scrolls of teleportation
Potions
 d - 2 potions of mutation
 e - a potion of haste
 g - 3 potions of heal wounds
 k - a potion of resistance
 m - a potion of ambrosia {unknown}
 n - a potion of might
 p - a potion of enlightenment {unknown}
 r - 3 potions of curing

Dungeon Overview and Level Annotations

Branches:
Dungeon (11/15)            Temple (1/1) D:4            Lair (0/5) D:11
    Orc (0/2) D:9

Altars:
Ashenzari
Cheibriados
Dithmenos
Elyvilon
Fedhas
Gozag
Hepliaklqana
Kikubaaqudgha
Makhleb
Nemelex Xobeh
Okawaru
Qazlal
Ru
Sif Muna
Trog
Uskayaw
Vehumet
Wu Jian
Xom
Yredelemnul
Zin
The Shining One

Shops:
D:1 *   D:8 [   D:10 *

Annotations:
D:5 1 runed translucent door


Message History

There is a stone staircase leading up here.
Sorry, I don't know how to get there.
Done exploring.
What level of the Lair of Beasts? (default 1, ? - help) Sorry, I don't know how to get there.
You climb upwards.
There is a stone staircase leading down here.
Done exploring.
What level of the Lair of Beasts? (default 1, ? - help)
You climb downwards.
There is a stone staircase leading up here.
Sorry, I don't know how to get there.
Done exploring.
What level of the Lair of Beasts? (default 1, ? - help) Sorry, I don't know how to get there.
You climb upwards.
There is a stone staircase leading down here.
Done exploring.
What level of the Lair of Beasts? (default 1, ? - help)
You climb downwards.
There is a stone staircase leading up here.
Sorry, I don't know how to get there.
Done exploring.
What level of the Lair of Beasts? (default 1, ? - help) Sorry, I don't know how to get there.
You climb upwards.
There is a stone staircase leading down here.
Done exploring.
What level of the Lair of Beasts? (default 1, ? - help)
You climb downwards.
There is a stone staircase leading up here.
Sorry, I don't know how to get there.
Done exploring.
What level of the Lair of Beasts? (default 1, ? - help) Sorry, I don't know how to get there.
You climb upwards.
Zot's power touches on you...
Buggy note passed: unknown note type
There is a stone staircase leading down here.
38360 ||| QUITTING!
Are you sure you want to abandon this character and quit the game? (Confirm with "yes".)

# ##....(## #######.##
# ##.......## ##.###.#
###.........####...##.#
..'.........'.......#<#
###.........####...##.#
#
##.......###.....##.##
# ##.....##
#.###.#<..## # ##...##
#.#........# # ##'##
#.#@#.#...## # #.#
#.....##.## # #.#
###.###### ##.## #.#
##...## #.#
#.....######.#
######...........#
....###.##########
###.....#


There were no monsters in sight!

Vanquished Creatures
  Josephine (D:11)
  Erolcha (D:9)
  A two-headed ogre (D:9)
  A deep elf pyromancer (D:11)
  2 oklob plants (D:11)
  A kobold demonologist (D:7)
  An unseen horror (D:7)
  A meliai (D:11)
  2 hornets
  2 trolls
  Sigmund (D:3)
  4 shadows
  A vampire (D:11)
  8 yaks (D:10)
  Grum (D:11)
  5 wraiths
  A hog (shapeshifter) (D:11)
  A basilisk (D:7)
  A yak (shapeshifter) (D:11)
  A water moccasin (D:5)
  An ice beast (D:7)
  2 sky beasts
  4 orc warriors
  3 wolves (D:11)
  2 ogres
  A phantom (D:5)
  3 centaurs
  A kobold brigand (D:7)
  Blork the orc (D:5)
  5 bullfrogs
  2 scorpions
  6 wights
  3 troll zombies (D:9)
  10 killer bees (D:9)
  3 howler monkeys
  3 jellies
  6 orc priests
  5 hounds
  Jessica (D:2)
  3 iguanas (D:7)
  12 orc wizards
  3 sleepcaps
  5 ogre zombies (D:9)
  Robin (D:3)
  6 gnolls
  10 adders
  A white imp (D:7)
  3 ufetubi
  A worm (D:2)
  4 dart slugs
  35 orcs
  8 endoplasms
  18 goblins
  12 hobgoblins
  2 quokkas (D:4)
  10 ball pythons
  3 bats
  5 frilled lizards
  3 goblin skeletons (D:9)
  2 goblin zombies
  3 hobgoblin zombies (D:9)
  A jackal skeleton (D:5)
  13 kobolds
  A kobold skeleton (D:5)
  18 orc zombies (D:9)
  3 rats
285 creatures vanquished.

Notes
Turn   | Place    | Note
-------+----------+-------------------------------------------
     0 | D:1      | qw the Gargoyle Hunter began the quest for the Orb.
     0 | D:1      | Reached XP level 1. HP: 12/12 MP: 1/1
     0 | D:1      | 0 ||| qw: Version: 0.3-a-76-g4403597
     0 | D:1      | 0 ||| qw: Game counter: 50
     0 | D:1      | 0 ||| qw: Melee chars always use a shield: true
     0 | D:1      | 0 ||| qw: God list: Okawaru
     0 | D:1      | 0 ||| qw: Allow faded altars: false
     0 | D:1      | 0 ||| qw: Do Orc after clearing Dungeon:15 true
     0 | D:1      | 0 ||| qw: Do second Lair branch before Depths: true
     0 | D:1      | 0 ||| qw: Lair rune preference: random
     0 | D:1      | 0 ||| qw: Goals: Normal
     0 | D:1      | 0 ||| PLANNING D:1-11
   105 | D:1      | Reached XP level 2. HP: 14/17 MP: 2/2
   193 | D:1      | Found Ickef's General Store.
   208 | D:1      | 208 ||| SHOPLISTING +0 cloak (63 gold, have 22).
   208 | D:1      | 208 ||| SHOPLISTING scroll of enchant armour (105 gold,
                  | have 22).
   208 | D:1      | 208 ||| SHOPLISTING scroll of identify (28 gold, have 22).
   319 | D:1      | You fall into a shaft and drop 1 floor!
   345 | D:2      | Reached XP level 3. HP: 21/21 MP: 3/3
   349 | D:2      | Found a burning altar of Makhleb.
   367 | D:2      | Reached skill level 5 in Ranged Weapons
   594 | D:2      | Reached skill level 3 in Fighting
   594 | D:2      | Reached XP level 4. HP: 28/28 MP: 4/4
   841 | D:2      | 841 ||| UPGRADING to +0 ring mail.
   851 | D:2      | 851 ||| DROPPING +0 leather armour.
   852 | D:2      | 852 ||| UPGRADING to +0 pair of boots.
   857 | D:2      | 857 ||| READING scroll labelled SEOCUO KEINO.
   858 | D:2      | 858 ||| READING scroll labelled YBLURA RAEMULE.
   859 | D:2      | 859 ||| READING scroll labelled ORATZYNUWK.
   860 | D:2      | 860 ||| READING scroll labelled QITELUNINT.
   861 | D:2      | 861 ||| DRINKING 2 lumpy golden potions.
   861 | D:2      | Gained mutation: You possess an exceptional clarity of
                  | mind. [potion of mutation]
   861 | D:2      | Gained mutation: You have a beak for a mouth. [potion of
                  | mutation]
   861 | D:2      | Gained mutation: You have a somewhat thin skeletal
                  | structure. (Dex +2, Stealth+) [potion of mutation]
   862 | D:2      | 862 ||| DROPPING scroll of butterflies.
  1017 | D:1      | Found a faded altar of an unknown god.
  1148 | D:2      | Noticed Jessica
  1153 | D:2      | Killed Jessica
  1154 | D:2      | Reached skill level 1 in Armour
  1311 | D:3      | Reached XP level 5. HP: 32/32 MP: 5/5
  1328 | D:3      | Noticed Sigmund
  1340 | D:3      | Killed Sigmund
  1341 | D:3      | Reached skill level 6 in Ranged Weapons
  1341 | D:3      | Reached XP level 6. HP: 23/37 MP: 6/6
  1419 | D:3      | Identified the +7 ring mail of Gravity {rC++ Will+ rCorr
                  | Dex-3}
  1447 | D:3      | Identified the +6 sling "Rizyal" {flame, rN+}
  1449 | D:3      | 1449 ||| SWAPPING to +6 sling "Rizyal" {flame, rN+}.
  1450 | D:3      | 1450 ||| DROPPING +0 shortbow.
  1466 | D:3      | Found an ancient bone altar of Kikubaaqudgha.
  1536 | D:3      | Identified the +11 dagger of Usomnure {holy, *Rage rElec
                  | rC++}
  1712 | D:3      | Found an opulent altar of Gozag.
  1743 | D:3      | Noticed Robin
  1750 | D:3      | Killed Robin
  1855 | D:3      | 1855 ||| UPGRADING to +7 ring mail of Gravity {rC++ Will+
                  | rCorr Dex-3}.
  1865 | D:3      | 1865 ||| DROPPING +0 ring mail.
  1866 | D:3      | 1866 ||| UPGRADING to amulet of regeneration.
  1871 | D:3      | 1871 ||| READING scroll labelled WANNAITI XIGIO.
  1872 | D:3      | 1872 ||| READING scroll labelled HOJEOCR CASAE.
  2074 | D:4      | 2074 ||| SWAPPING to +0 orcbow.
  2075 | D:4      | 2075 ||| DROPPING +6 sling "Rizyal" {flame, rN+}.
  2203 | D:4      | Reached skill level 7 in Ranged Weapons
  2262 | D:4      | Reached XP level 7. HP: 43/43 MP: 7/7
  2732 | D:4      | Found a staircase to the Ecumenical Temple.
  2733 | D:4      | 2733 ||| PLANNING TEMPLE
  2733 | D:4      | 2733 ||| UPGRADING to +5 ring of evasion.
  2734 | D:4      | 2734 ||| READING scroll labelled MIVAPO TING.
  2735 | D:4      | 2735 ||| READING scroll labelled TUEVAGR LYUHI.
  2739 | D:4      | 2739 ||| DRINKING 2 sapphire potions.
  2740 | D:4      | 2740 ||| DROPPING potion of attraction.
  2796 | Temple   | Entered the Ecumenical Temple
  2797 | Temple   | 2797 ||| PLANNING OKAWARU WORSHIP
  2806 | Temple   | Became a worshipper of Warmaster Okawaru
  2807 | Temple   | 2807 ||| PLANNING D:1-11
  2928 | D:5      | Entered Level 5 of the Dungeon
  2969 | D:5      | 2969 ||| Stepping ~*~*~tactically~*~*~ (outnumbered).
  2973 | D:5      | 2973 ||| RETREATING.
  2976 | D:5      | 2976 ||| Stepping ~*~*~tactically~*~*~ (retreating).
  2983 | D:5      | Reached skill level 8 in Ranged Weapons
  3011 | D:5      | Reached * piety under Okawaru
  3028 | D:5      | Reached skill level 1 in Invocations
  3028 | D:5      | Reached XP level 8. HP: 50/50 MP: 8/8
  3245 | D:5      | Found a runed translucent door.
  3250 | D:5      | Found a basalt altar of Yredelemnul.
  3254 | D:5      | 3254 ||| DROPPING ring of wizardry.
  3255 | D:5      | 3255 ||| READING scroll labelled MUHEPOE QATAC.
  3287 | D:5      | Noticed Blork the orc
  3288 | D:5      | 3288 ||| INVOKING Heroism.
  3300 | D:5      | Killed Blork the orc
  3640 | D:6      | Reached skill level 3 in Invocations
  3647 | D:6      | 3647 ||| INVOKING Heroism.
  3940 | D:6      | 3940 ||| Stepping ~*~*~tactically~*~*~ (outnumbered).
  3942 | D:6      | 3942 ||| FLEEEEING.
  3949 | D:6      | 3949 ||| FLEEEEING.
  3950 | D:6      | 3950 ||| FLEEEEING.
  3970 | D:6      | 3970 ||| INVOKING Heroism.
  3983 | D:6      | 3983 ||| FLEEEEING.
  3984 | D:6      | 3984 ||| FLEEEEING.
  3988 | D:6      | 3988 ||| INVOKING Heroism.
  4074 | D:6      | Reached skill level 9 in Ranged Weapons
  4531 | D:6      | 4531 ||| UPGRADING to +4 ring of protection.
  4532 | D:6      | 4532 ||| READING scroll labelled ESOUGOPUON.
  4533 | D:6      | 4533 ||| READING scroll labelled DAMMY QUONA.
  4534 | D:6      | 4534 ||| DRINKING 3 white potions.
  4535 | D:6      | 4535 ||| READING 2 scrolls of identify.
  4535 | D:6      | 4535 ||| IDENTIFYING glowing golden potion
  4536 | D:6      | 4536 ||| DROPPING potion of brilliance.
  4588 | D:7      | 4588 ||| Stepping ~*~*~tactically~*~*~ (outnumbered).
  4594 | D:7      | 4594 ||| Stepping ~*~*~tactically~*~*~ (retreating).
  4596 | D:7      | 4596 ||| Stepping ~*~*~tactically~*~*~ (retreating).
  4600 | D:7      | 4600 ||| Stepping ~*~*~tactically~*~*~ (retreating).
  4601 | D:7      | 4601 ||| RETREATING.
  4602 | D:7      | 4602 ||| Stepping ~*~*~tactically~*~*~ (retreating).
  4603 | D:7      | 4603 ||| Stepping ~*~*~tactically~*~*~ (retreating).
  4612 | D:7      | Reached skill level 6 in Fighting
  4616 | D:7      | 4616 ||| INVOKING Heroism.
  4621 | D:7      | Reached XP level 9. HP: 55/55 MP: 9/12
  4708 | D:7      | Identified the staff "Osups" {Str+5 Earth}
  4749 | D:7      | Reached skill level 10 in Ranged Weapons
  4761 | D:7      | 4761 ||| INVOKING Heroism.
  4782 | D:7      | Found a shadowy altar of Dithmenos.
  4788 | D:7      | Killed an unseen horror
  4788 | D:7      | Reached ** piety under Okawaru
  4792 | D:7      | Found a white marble altar of Elyvilon.
  4799 | D:7      | Found a shadowy altar of Dithmenos.
  4799 | D:7      | Found an ancient bone altar of Kikubaaqudgha.
  4947 | D:7      | Found the +3 Elemental Staff {ele, rElec rF+ rC+ AC+3}
  4955 | D:7      | Identified the +4 flail "Otud" {heavy, rElec rN+ Stlth+}
  4955 | D:7      | Noticed a kobold demonologist
  4970 | D:7      | 4970 ||| Stepping ~*~*~tactically~*~*~ (retreating).
  4974 | D:7      | 4974 ||| Stepping ~*~*~tactically~*~*~ (retreating).
  4976 | D:7      | 4976 ||| Stepping ~*~*~tactically~*~*~ (retreating).
  4977 | D:7      | 4977 ||| Stepping ~*~*~tactically~*~*~ (retreating).
  4989 | D:7      | Killed a kobold demonologist
  4990 | D:7      | Reached skill level 11 in Ranged Weapons
  5021 | D:7      | Identified the +5 short sword "Maoteth" {venom, rN++ MP-9
                  | Dex+2}
  5049 | D:7      | 5049 ||| INVOKING Heroism.
  5062 | D:7      | Reached skill level 3 in Armour
  5137 | D:7      | 5137 ||| INVOKING Heroism.
  5149 | D:7      | Reached skill level 3 in Dodging
  5216 | D:7      | 5216 ||| INVOKING Heroism.
  5225 | D:7      | Reached XP level 10. HP: 63/63 MP: 11/13
  5492 | D:7      | Found an ornate altar of the Wu Jian Council.
  5518 | D:7      | 5518 ||| READING 4 scrolls labelled ASSEFO EDAEDOV.
  5519 | D:7      | 5519 ||| READING scroll labelled JEDGHE WOMUN.
  5620 | D:7      | 5620 ||| DRINKING 3 inky potions.
  5621 | D:7      | 5621 ||| DRINKING 2 clear potions.
  5622 | D:7      | 5622 ||| DROPPING 3 scrolls of immolation.
  5900 | D:8      | Found Barosk's Antique Armour Boutique.
  5909 | D:8      | 5909 ||| BUYING glowing scarf (272 gold).
  5909 | D:8      | Bought a glowing scarf for 272 gold pieces
  5909 | D:8      | 5909 ||| SHOPLISTING shiny ring mail (238 gold, have 166).
  6045 | D:8      | Found a glowing silver altar of Zin.
  6046 | D:8      | Noticed an angel
  6256 | D:8      | 6256 ||| UPGRADING to +0 cloak.
  6261 | D:8      | 6261 ||| DROPPING scarf of shadows.
  6262 | D:8      | 6262 ||| DRINKING 2 purple potions.
  6263 | D:8      | 6263 ||| DROPPING potion of invisibility.
  6334 | D:9      | Noticed Erolcha
  6335 | D:9      | 6335 ||| INVOKING Heroism.
  6343 | D:9      | Noticed a two-headed ogre
  6347 | D:9      | Killed Erolcha
  6348 | D:9      | Reached skill level 12 in Ranged Weapons
  6351 | D:9      | Killed a two-headed ogre
  6351 | D:9      | Reached *** piety under Okawaru
  6398 | D:9      | Found a shimmering altar of Xom.
  6445 | D:9      | 6445 ||| RETREATING.
  6467 | D:9      | 6467 ||| INVOKING Heroism.
  6592 | D:9      | 6592 ||| Stepping ~*~*~tactically~*~*~ (retreating).
  6593 | D:9      | 6593 ||| Stepping ~*~*~tactically~*~*~ (retreating).
  6598 | D:9      | Reached skill level 13 in Ranged Weapons
  6620 | D:9      | Reached **** piety under Okawaru
  6629 | D:9      | Found a staircase to the Orcish Mines.
  6630 | D:9      | 6630 ||| RETREATING.
  6641 | D:9      | 6641 ||| INVOKING Heroism.
  6641 | D:9      | HP: 11/65 [shadow (8)]
  6642 | D:9      | 6642 ||| READING 2 scrolls of teleportation.
  6643 | D:9      | 6643 ||| DRINKING 4 potions of heal wounds.
  6740 | D:9      | Reached XP level 11. HP: 69/69 MP: 14/14
  6923 | D:10     | Entered Level 10 of the Dungeon
  6931 | D:10     | Reached skill level 9 in Fighting
  6994 | D:10     | 6994 ||| INVOKING Heroism.
  7017 | D:10     | 7017 ||| SWAPPING to +0 arbalest.
  7019 | D:10     | 7019 ||| DROPPING +0 orcbow of freezing.
  7222 | D:10     | 7222 ||| RETREATING.
  7272 | D:10     | Reached skill level 6 in Invocations
  7387 | D:10     | 7387 ||| INVOKING Heroism.
  7433 | D:10     | Found Akogisetz's Assorted Antiques.
  7438 | D:10     | 7438 ||| BUYING scroll labelled IXAWOAFFAG (29 gold).
  7438 | D:10     | Bought a scroll labelled IXAWOAFFAG for 29 gold pieces
  7438 | D:10     | 7438 ||| BUYING scroll of identify (58 gold).
  7438 | D:10     | Bought a scroll of identify for 58 gold pieces
  7438 | D:10     | 7438 ||| BUYING scroll of teleportation (87 gold).
  7438 | D:10     | Bought a scroll of teleportation for 87 gold pieces
  7823 | D:10     | 7823 ||| DROPPING ring of see invisible.
  7824 | D:10     | 7824 ||| READING scroll labelled IXAWOAFFAG.
  7825 | D:10     | 7825 ||| DRINKING 2 sedimented puce potions.
  7826 | D:10     | 7826 ||| READING 4 scrolls of identify.
  7826 | D:10     | 7826 ||| IDENTIFYING fizzy white potion
  7827 | D:10     | 7827 ||| READING 3 scrolls of identify.
  7827 | D:10     | 7827 ||| IDENTIFYING ruby potion
  7828 | D:10     | 7828 ||| READING 2 scrolls of identify.
  7828 | D:10     | 7828 ||| IDENTIFYING lumpy amethyst potion
  7829 | D:10     | 7829 ||| DROPPING potion of lignification.
  7830 | D:10     | 7830 ||| DROPPING potion of degeneration.
  7856 | D:11     | 7856 ||| INVOKING Heroism.
  7905 | D:11     | 7905 ||| Stepping ~*~*~tactically~*~*~ (outnumbered).
  7906 | D:11     | 7906 ||| Stepping ~*~*~tactically~*~*~ (outnumbered).
  7977 | D:11     | Noticed an oklob plant
  7978 | D:11     | 7978 ||| INVOKING Heroism.
  7983 | D:11     | Killed an oklob plant
  7993 | D:11     | Found a staircase to the Lair.
  7994 | D:11     | Noticed Grum
  8000 | D:11     | 8000 ||| RETREATING.
  8002 | D:11     | 8002 ||| INVOKING Heroism.
  8004 | D:11     | 8004 ||| Stepping ~*~*~tactically~*~*~ (retreating).
  8005 | D:11     | 8005 ||| Stepping ~*~*~tactically~*~*~ (retreating).
  8006 | D:11     | 8006 ||| Stepping ~*~*~tactically~*~*~ (retreating).
  8007 | D:11     | 8007 ||| Stepping ~*~*~tactically~*~*~ (retreating).
  8008 | D:11     | 8008 ||| Stepping ~*~*~tactically~*~*~ (retreating).
  8009 | D:11     | 8009 ||| Stepping ~*~*~tactically~*~*~ (retreating).
  8010 | D:11     | 8010 ||| Stepping ~*~*~tactically~*~*~ (retreating).
  8014 | D:11     | 8014 ||| INVOKING Heroism.
  8022 | D:11     | Killed Grum
  8045 | D:11     | Noticed an oklob plant
  8046 | D:11     | 8046 ||| INVOKING Heroism.
  8062 | D:11     | Killed an oklob plant
  8063 | D:11     | Reached skill level 14 in Ranged Weapons
  8110 | D:11     | Noticed Josephine
  8111 | D:11     | 8111 ||| Stepping ~*~*~tactically~*~*~ (retreating).
  8112 | D:11     | 8112 ||| Stepping ~*~*~tactically~*~*~ (retreating).
  8113 | D:11     | 8113 ||| Stepping ~*~*~tactically~*~*~ (retreating).
  8126 | D:11     | 8126 ||| INVOKING Heroism.
  8142 | D:11     | Killed Josephine
  8214 | D:11     | Noticed a deep elf pyromancer
  8253 | D:11     | Killed a deep elf pyromancer
  8367 | D:11     | 8367 ||| INVOKING Heroism.
  8456 | D:11     | 8456 ||| PLANNING LAIR
  8456 | D:11     | 8456 ||| DROPPING ring of willpower.
 28759 | D:10     | Glimpsed the power of Zot.
 29159 | D:10     | Glimpsed the power of Zot.
 29479 | D:10     | Glimpsed the power of Zot.
 29559 | D:10     | Touched by the power of Zot (MHP 71 -> 57)
 29560 | D:10     | Glimpsed the power of Zot.
 29960 | D:10     | Glimpsed the power of Zot.
 30280 | D:10     | Glimpsed the power of Zot.
 30359 | D:10     | Touched by the power of Zot (MHP 60 -> 47)
 30360 | D:10     | Glimpsed the power of Zot.
 30760 | D:10     | Glimpsed the power of Zot.
 31080 | D:10     | Glimpsed the power of Zot.
 31159 | D:10     | Touched by the power of Zot (MHP 49 -> 38)
 31160 | D:10     | Glimpsed the power of Zot.
 31560 | D:10     | Glimpsed the power of Zot.
 31880 | D:10     | Glimpsed the power of Zot.
 31959 | D:10     | Touched by the power of Zot (MHP 40 -> 31)
 31960 | D:10     | Glimpsed the power of Zot.
 32360 | D:10     | Glimpsed the power of Zot.
 32680 | D:10     | Glimpsed the power of Zot.
 32759 | D:10     | Touched by the power of Zot (MHP 33 -> 25)
 32760 | D:10     | Glimpsed the power of Zot.
 33160 | D:10     | Glimpsed the power of Zot.
 33480 | D:10     | Glimpsed the power of Zot.
 33559 | D:10     | Touched by the power of Zot (MHP 27 -> 20)
 33560 | D:10     | Glimpsed the power of Zot.
 33960 | D:10     | Glimpsed the power of Zot.
 34280 | D:10     | Glimpsed the power of Zot.
 34359 | D:10     | Touched by the power of Zot (MHP 21 -> 15)
 34360 | D:10     | Glimpsed the power of Zot.
 34760 | D:10     | Glimpsed the power of Zot.
 35080 | D:10     | Glimpsed the power of Zot.
 35159 | D:10     | Touched by the power of Zot (MHP 16 -> 11)
 35160 | D:10     | Glimpsed the power of Zot.
 35560 | D:10     | Glimpsed the power of Zot.
 35880 | D:10     | Glimpsed the power of Zot.
 35959 | D:10     | Touched by the power of Zot (MHP 12 -> 7)
 35960 | D:10     | Glimpsed the power of Zot.
 36360 | D:10     | Glimpsed the power of Zot.
 36680 | D:10     | Glimpsed the power of Zot.
 36759 | D:10     | Touched by the power of Zot (MHP 8 -> 4)
 36760 | D:10     | Glimpsed the power of Zot.
 37160 | D:10     | Glimpsed the power of Zot.
 37480 | D:10     | Glimpsed the power of Zot.
 37559 | D:10     | Touched by the power of Zot (MHP 5 -> 2)
 37560 | D:10     | Glimpsed the power of Zot.
 37960 | D:10     | Glimpsed the power of Zot.
 38280 | D:10     | Glimpsed the power of Zot.
 38359 | D:10     | Touched by the power of Zot (MHP 3 -> 1)
 38360 | D:10     | 38360 ||| QUITTING!
 38360 | D:10     | Quit the game

Levels and vault maps discovered:
D:1:      mrwooster_arrival_statue_2, layout_rooms,
          chequers_ecumenical_altar_grove, serial_shops, nicolae_diamond_shop
D:2:      layout_basic, basic_altar, nrook_uturn, uniq_jessica
D:3:      layout_basic, lemuel_crystal_altar, nicolae_gozag_seed_capital,
          corexii_shack, uniq_robin, uniq_sigmund
D:4:      kennysheep_spiral_hall, layout_basic, minmay_temple_entry_nine_rooms,
          minivault_26, serial_bayou_lagoon_b
D:5:      layout_cave_pools, dk_yredelemnul_ordeal, uniq_blork_the_orc
D:6:      layout_basic
D:7:      minmay_the_grid_octo_tiled_squarecenter
          [minmay_the_grid_octo_pinwheel, minmay_the_grid_octo_chip,
          minmay_the_grid_octo_checkered, minmay_the_grid_octo_shrine,
          minmay_the_grid_square_5x5_megaprize_diamond,
          minmay_the_grid_square_5x5_broken_cross,
          minmay_the_grid_square_5x5_n_small,
          minmay_the_grid_square_5x5_minibox, minmay_the_grid_square_5x5_v],
          layout_loops_ring, pdpol_wu_jian_five_deadly_venoms
D:8:      layout_loops_ring, zin_angel, serial_shops,
          nicolae_shop_hallway_stairs, feat_on_display
D:9:      layout_rooms, lemuel_tele_altar, zombieorc2_lemuel, uniq_erolcha
D:10:     layout_loops_corners, serial_shops, nicolae_shop_hallway_plus
D:11:     layout_gridville, dpeg_oklobed_lair, kb_rosetta, uniq_josephine,
          uniq_grum
Temple:   nicolae_temple_x_marks_the_god

Skill      XL: |  1  2  3  4  5  6  7  8  9 10 11 |
---------------+----------------------------------+-----
Ranged Weapons | 5 6 7 8 9 11 13 14 | 14.0
Fighting       | 3 4 5 6 7 8 9 |  9.4
Armour         | 1 2 3 5 |  5.1
Invocations    | 1 4 7 |  7.9
Dodging        | 2 3 4 |  4.0
Stealth        | |  1.1

Action                     |  1- 3 |  4- 6 |  7- 9 | 10-12 || total
---------------------------+-------+-------+-------+-------++-------
   Fire: Shortbow          |   112 |    71 |       |       ||   183
         Sling             |       |    40 |       |       ||    40
         Orcbow            |       |    33 |   437 |   305 ||   775
         Arbalest          |       |       |       |   180 ||   180
 Invoke: Heroism           |       |       |     9 |    12 ||    21
    Use: Scroll            |       |     6 |     6 |     7 ||    19
         Potion            |       |     1 |     2 |     5 ||     8
 Armour: Leather armour    |    21 |    19 |       |       ||    40
         Ring mail         |       |    24 |   166 |   297 ||   487
  Dodge: Dodged            |    26 |    38 |   213 |   464 ||   741

Table legend:
 A = Non-vault XP
 B = Vault XP
 C = Vault XP percentage of total XP
 D = Non-vault monster count
 E = Vault monster count
 F = Vault count percentage of total count
                 A         B        C        D         E       F
            +---------+---------+-------+---------+---------+-------
      Total |    9090 |    8284 |  47.7 |     189 |      96 |  33.7
            +---------+---------+-------+---------+---------+-------
        D:1 |      30 |       0 |   0.0 |      17 |       0 |   0.0
        D:2 |      96 |      37 |  27.8 |      25 |       1 |   3.8
        D:3 |      17 |     252 |  93.7 |       8 |      14 |  63.6
        D:4 |     202 |      48 |  19.2 |      22 |       4 |  15.4
        D:5 |     743 |      97 |  11.5 |      15 |       4 |  21.1
        D:6 |     653 |       0 |   0.0 |      26 |       0 |   0.0
        D:7 |     878 |    1683 |  65.7 |      24 |      22 |  47.8
        D:8 |     413 |       0 |   0.0 |       3 |       0 |   0.0
        D:9 |    2488 |    1685 |  40.4 |      19 |      37 |  66.1
       D:10 |    2875 |       0 |   0.0 |      20 |       0 |   0.0
       D:11 |     695 |    4482 |  86.6 |      10 |      14 |  58.3
            +---------+---------+-------+---------+---------+-------
